 Dungeon Sprint DCSS version 0.20.1-1-g8b1a95d (webtiles) character file.

71521 KingStallion the Hoplite (level 15, -9/103 HPs)
             Began as a Gargoyle Gladiator on Oct 22, 2017.
             Was a High Priest of Makhleb.
             Mangled by Jewn the pandemonium lord (22 damage)
             ... while paralysed by a floating eye
             ... in the Dungeon (Sprint V: "Ziggurat Sprint").
             The game lasted 00:40:31 (1901 turns).

KingStallion the Hoplite (Gargoyle Gladiator)       Turns: 1901, Time: 00:40:31

Health: -9/103     AC: 26    Str: 40    XL:     15   Next: 36%
Magic:  0/32       EV:  2    Int: 10    God:    Makhleb [*****.]
Gold:   9          SH:  0    Dex: 11    Spells: 15/15 levels left

rFire    + + +     SeeInvis .   a - +6 shillelagh "Devastator" {shatter}
rCold    + . .     Gourm    .   C - +18 shield of the Gong {rElec rN+ MR+ EV-5}
rNeg     + + .     Faith    .   S - +4 moon troll leather armour {Spirit, Regen++ MP+5}
rPois    ∞         Spirit   +   c - +1 helmet of the Prince {-Cast rF++ Regen+ Str+2}
rElec    +         Reflect  +   M - scarf {repulsion}
rCorr    +         Harm     .   T - +0 pair of gloves {Str+3}
MR       ++...     NoTele   +   (no boots) Stlth +.........NoCast +
                                O - +3 amulet of reflection
Regen    1.5/turn               F - +6 ring of strength
MPRegen  0.3/turn               G - +6 ring of strength

@: paralysed, resistant, weakened, very slightly contaminated, hasted, studying
Dodging, silenced, drained, invisible, repel missiles
A: big wings, negative energy resistance 1, electricity resistance, unbreathing,
petrification resistance, rot immunity, AC +11
a: Fly, Renounce Religion


You were in the Dungeon.
You worshipped Makhleb.
Makhleb was extremely pleased with you.
You were full.

You visited 1 branch You collected 9 gold pieces.

Inventory:

Hand Weapons
 a - the +6 shillelagh "Devastator" (weapon) {shatter}
   (You found it in the Dungeon)
 b - the +9 sword of Zonguldrok {reap}
   (You found it in the Dungeon)

   If a monster killed with it leaves a corpse in good enough shape, the corpse
   will be animated as a zombie friendly to the killer.
Missiles
 d - 3 throwing nets (quivered)
Armour
 c - the +1 helmet of the Prince (worn) {-Cast rF++ Regen+ Str+2}
   (You found it in the Dungeon)

   It affects your strength (+2).
   It greatly protects you from fire.
   It prevents spellcasting.
   It increases your rate of regeneration.
 B - the +15 Maxwell's patent armour {-Cast -Tele rElec MR+ rCorr}
   (You found it in the Dungeon)

   It insulates you from electricity.
   It affects your resistance to hostile enchantments.
   It prevents spellcasting.
   It prevents most forms of teleportation.
   It protects you from acid and corrosion.
 C - the +18 shield of the Gong (worn) {rElec rN+ MR+ EV-5}
   (You found it in the Dungeon)

   It affects your evasion (-5).
   It insulates you from electricity.
   It protects you from negative energy.
   It affects your resistance to hostile enchantments.
 M - a scarf of repulsion (worn)
 S - the +4 moon troll leather armour (worn) {Spirit, Regen++ MP+5}
   (You took it off a vampire knight in the Dungeon)

   It affects your magic capacity (+5).
   It increases your rate of regeneration.
 T - a +0 pair of gloves of strength (worn)
Jewellery
 E - the ring of Aghewu Cezu {rPois MR- AC+4 Str+4 Dex+4}
   (You took it off a vampire mage in the Dungeon)

   [ring of protection]

   It affects your AC (+4).
   It affects your strength (+4).
   It affects your dexterity (+4).
   It protects you from poison.
   It affects your resistance to hostile enchantments.
 F - a +6 ring of strength (left hand)
 G - a +6 ring of strength (right hand)
 N - the amulet "Pafono" {RegenMP +Blink rPois}
   (You found it in the Dungeon)

   [amulet of magic regeneration]

   It increases your magic regeneration.
   It protects you from poison.
   It lets you blink.
 O - a +3 amulet of reflection (around neck)
 P - an uncursed amulet of rage
 R - the ring of Benevolence {+Fly rN+ MR+ MP+9}
   (You found it in the Dungeon)

   [ring of protection from magic]

   It protects you from negative energy.
   It affects your resistance to hostile enchantments.
   It affects your magic capacity (+9).
   It lets you fly.
 V - the amulet of Miracles {Gourm rN+ MR+ Int-2 Stlth+}
   (You found it in the Dungeon)

   [amulet of the gourmand]

   It allows you to eat raw meat even when not hungry.
   It affects your intelligence (-2).
   It protects you from negative energy.
   It affects your resistance to hostile enchantments.
   It makes you more stealthy.
Wands
 H - a wand of disintegration (7/24)
 I - a wand of iceblast (5/15)
 J - a wand of lightning (4/15)
 K - a wand of acid (11/15)
 W - a wand of lightning (9/15)
 Z - a wand of scattershot (9/9)
Scrolls
 k - 4 scrolls of blinking
 r - 4 scrolls of amnesia
 t - 7 scrolls of fog
 v - a scroll of identify
 w - 5 scrolls of remove curse
 x - 2 scrolls of fear
Potions
 e - 11 potions of curing
 g - 9 potions of heal wounds
 h - 4 potions of haste
 i - 7 potions of magic
 j - 2 potions of berserk rage
 l - 2 potions of brilliance
 m - a potion of invisibility
 n - 3 potions of resistance
 p - 5 potions of agility
 q - 6 potions of might
Books
 s - a manual of Dodging
Miscellaneous
 y - a lightning rod (3/4)
 D - a phantom mirror
 L - a lamp of fire
 Q - 4 sacks of spiders
 U - 5 boxes of beasts
 X - a phial of floods
 Y - a fan of gales (inert)
Comestibles
 f - 3 bread rations
 o - 6 royal jellies
 z - 42 fruits
 A - 4 meat rations


   Skills:
 * Level 15.5(15.4) Fighting
 + Level 0.8 Long Blades
 * Level 17.0 Maces & Flails
 + Level 3.9 Throwing
 * Level 15.3 Armour
 * Level 11.1(11.0) Dodging
 + Level 1.4 Stealth
 * Level 25.6 Shields
 + Level 0.8(0.7) Unarmed Combat
 + Level 0.5(0.4) Spellcasting
 + Level 16.5(16.4) Invocations
 + Level 3.7(3.6) Evocations


You had 15 spell levels left.
You didn't know any spells.

Dungeon Overview and Level Annotations

Branches:
Dungeon (1/1)

Altars:
Ashenzari
Cheibriados
Dithmenos
Elyvilon
Fedhas
Gozag
Hepliaklqana
Kikubaaqudgha
Makhleb
Nemelex Xobeh
Okawaru
Qazlal
Ru
Sif Muna
Trog
Uskayaw
Vehumet
Xom
Yredelemnul
Zin
The Shining One
Beogh
Jiyva
Lugonu


Innate Abilities, Weirdness & Mutations

You are resistant to torment.
Your stone body is resilient. (AC +11)
You are immune to poison.
Your large and strong wings let you fly indefinitely.
You resist negative energy. (rN+)
You are resistant to electric shocks. (rElec)
You can survive without breathing.
You are immune to petrification.
You are immune to rotting.


Message History

The eye of draining collides with the cacodemon!
The floating eye collides with Ulaady!
Gatzig collides with the green death!
Jewn collides with Gatzig!
Can Opep collides with the large abomination!
Yfoi collides with the balrug!
You block Jewn's attack. Jewn hits you but does no damage.
The large abomination is lost in a daze.
Yfoi is lost in a daze.
Wanuen is lost in a daze.
Can Opep is lost in a daze.
The floating eye gazes piercingly through you!
You suddenly lose the ability to move!
Jewn hits you but does no damage.
Wyvvotu is lost in a daze.
Tugepn is lost in a daze.
Jenar is lost in a daze.
Jewn hits you!!
* * * LOW HITPOINT WARNING * * *
Jewn freezes you.
* * * LOW HITPOINT WARNING * * *
You partially resist.
You feel drained. Hacoam hits you but does no damage.
Yfoi is lost in a daze.
Ulaady is lost in a daze.
The large abomination is lost in a daze.
Wanuen is lost in a daze.
Wyvvotu is lost in a daze.
Jewn hits you!!
You die...

▓..s.2.b4&r.....▓.
▓..GsXs&2r......▓.
▓&&622s64.......▓.
▓.&G&.&X........▓▓
▓2G&▓2&.....▓..
▓.&▓&▓X....▓.▓ .
▓&&.▓G......▓...
▓&&&&2G.........
▓@&&&&..........
▓▓▓▓▓▓▓▓▓▓▓▓▓▓▓▓


You could see Can Opep (dazed), Comotige (dazed), Dohil (dazed), Etuenahah,
Gatzig (inner flame), Hacoam (dazed), Jenar (dazed), Jewn (dazed), Koteg,
Lahuaseix (dazed), Mizoug (dazed), Ninluseg (dazed), Riocec (dazed), Sonotoedgh
(dazed), Tugepn (dazed), Ulaady (dazed), Wanuen (dazed), Wyvvotu (dazed), Yfoi
(dazed), Zolobuc, a cacodemon, a reaper (dazed), a balrug (dazed), a green death
(dazed), a gelid black sun (dazed), 2 great orbs of eyes, a blizzard demon, a
torturous blood saint (dazed), 3 large abominations, an eye of draining, a
jumping spider, a red devil, a redback and 2 floating eyes.

Vanquished Creatures
  A bone dragon (D)
  A quicksilver dragon (D)
  Donald (D)
  6 fire giants (D)
  An iron dragon (D)
  Louise (D)
  3 vampire knights (D)
  A green draconian (D)
  Snorg (D)
  4 merfolk impalers (D)
  3 merfolk javelineers (D)
  7 fire dragons (D)
  A hydra (D)
  2 ice dragons (D)
  2 hell hogs (D)
  A vampire mage (D)
  A merfolk aquamancer (D)
  A thrashing horror (D)
  4 soul eaters (D)
  Sonja (D)
  A sixfirhy (D)
  A skeletal warrior (D)
  A harpy (D)
  2 large abominations (D)
  4 necromancers (D)
  A wolf spider (D)
  Maurice (D)
  A merfolk siren (D)
  An eye of devastation (D)
  2 smoke demons (D)
  2 demonic crawlers (D)
  2 rime drakes (D)
  A hellwing (D)
  2 efreet (D)
  An ancient zyme (D)
  A merfolk (D)
  2 jumping spiders (D)
  A hornet (D)
  A snapping turtle (D)
  A ynoxinul (D)
  3 redbacks (D)
  A wraith (D)
  3 spriggans (D)
  4 shadows (D)
  4 vampires (D)
  2 tarantellas (D)
  2 golden eyes (D)
  4 steam dragons (D)
  A neqoxec (D)
  Edmund (D)
  5 acid dragons (D)
  A porcupine (D)
  A swamp drake (D)
  Purgy (D)
  2 small abominations (D)
  2 hell hounds (D)
  2 phantoms (D)
  A wolf (D)
  An eye of draining (D)
  5 wights (D)
  5 crimson imps (D)
  A quasit (D)
  3 jellies (D)
  4 iron imps (D)
  Jessica (D)
  An iguana (D)
  3 shadow imps (D)
  5 white imps (D)
  5 ufetubi (D)
  An ooze (D)
  2 adder zombies (D)
  An adder skeleton (D)
  2 spectral bats (D)
  4 bat skeletons (D)
  A jackal (D)
  A ball python simulacrum (D)
  A giant cockroach zombie (D)
  2 leopard gecko skeletons (D)
  A spectral quokka (D)
  5 fire vortices (D)
167 creatures vanquished.

Vanquished Creatures (collateral kills)
  Nikola (D)
  Kirke (D)
  Gastronok (D)
  3 shadow dragons (D)
  An iron dragon (D)
  2 ghouls (D)
  A very ugly thing (D)
  Azrael (D)
  2 fire dragons (D)
  Erolcha (D)
  An ice dragon (D)
  A swamp dragon (D)
  2 worldbinders (D)
  Psyche (D)
  A smoke demon (D)
  2 ice devils (D)
  An ancient zyme (D)
  2 large abominations (D)
  A wyvern (D)
  2 chaos spawn (D)
  A neqoxec (D)
  Dowan (D)
  A crimson imp (D)
  2 quasits (D)
  An iron imp (D)
  Terence (D)
  2 white imps (D)
  An ufetubus (D)
  A spectral adder (D)
  A bat zombie (D)
  A lurking horror (D)
41 creatures vanquished.

Vanquished Creatures (others)
  A cyclops (D)
  A wyvern (D)
  A fire vortex (D)
3 creatures vanquished.

Grand Total: 211 creatures vanquished

Notes
Turn   | Place    | Note
-------+----------+-------------------------------------------
     0 | D        | KingStallion the Gargoyle Gladiator began the quest for the Orb.
     0 | D        | Reached XP level 1. HP: 12/12 MP: 1/1
     2 | D        | Found a bloodstained altar of Trog.
     2 | D        | Found a deep blue altar of Sif Muna.
     2 | D        | Found a sacrificial altar of Ru.
     2 | D        | Found a stormy altar of Qazlal.
     2 | D        | Found an iron altar of Okawaru.
     4 | D        | Found a sparkling altar of Nemelex Xobeh.
     4 | D        | Found a blossoming altar of Fedhas.
     6 | D        | Found a transporter.
     6 | D        | Found an ancient bone altar of Kikubaaqudgha.
     6 | D        | Found a viscous altar of Jiyva.
     6 | D        | Found a corrupted altar of Lugonu.
     6 | D        | Found a hazy altar of Hepliaklqana.
     6 | D        | Found a burning altar of Makhleb.
     6 | D        | Found an opulent altar of Gozag.
    65 | D        | Became a worshipper of Makhleb the Destroyer
    75 | D        | Entered arena 2.
    75 | D        | Noticed a wight
    75 | D        | Found a transporter.
    77 | D        | Killed a wight
    77 | D        | Reached skill level 5 in Maces & Flails
    77 | D        | Reached skill level 1 in Armour
    77 | D        | Reached skill level 1 in Shields
    77 | D        | Reached skill level 1 in Invocations
    77 | D        | Reached XP level 2. HP: 19/19 MP: 1/3
    77 | D        | Reached XP level 3. HP: 23/23 MP: 1/4
    84 | D        | Entered arena 3.
    84 | D        | Noticed a porcupine
    84 | D        | Found a transporter.
    86 | D        | Reached * piety under Makhleb
    86 | D        | Reached skill level 2 in Shields
    86 | D        | Reached XP level 4. HP: 28/28 MP: 1/5
    87 | D        | Killed a porcupine
    87 | D        | Reached skill level 3 in Shields
    87 | D        | Reached XP level 5. HP: 33/33 MP: 1/7
    99 | D        | Entered arena 4.
    99 | D        | Noticed a spriggan
    99 | D        | Noticed a wolf
    99 | D        | Noticed a spriggan
    99 | D        | Noticed a spriggan
    99 | D        | Found a transporter.
   106 | D        | Killed a wolf
   106 | D        | Reached ** piety under Makhleb
   106 | D        | Reached skill level 4 in Shields
   106 | D        | Reached XP level 6. HP: 31/40 MP: 3/9
   106 | D        | Killed a spriggan
   106 | D        | Reached skill level 5 in Fighting
   106 | D        | Reached skill level 5 in Dodging
   106 | D        | Reached skill level 5 in Shields
   106 | D        | Killed a spriggan
   106 | D        | Reached skill level 5 in Armour
   106 | D        | Reached skill level 5 in Invocations
   106 | D        | Reached XP level 7. HP: 45/45 MP: 3/11
   106 | D        | Killed a spriggan
   106 | D        | Reached skill level 10 in Maces & Flails
   121 | D        | Entered arena 5.
   121 | D        | Found a transporter.
   124 | D        | Reached *** piety under Makhleb
   130 | D        | Reached **** piety under Makhleb
   130 | D        | Reached skill level 6 in Shields
   140 | D        | Entered arena 6.
   140 | D        | Noticed a thrashing horror
   140 | D        | Found a transporter.
   150 | D        | Reached ***** piety under Makhleb
   150 | D        | Killed a thrashing horror
   150 | D        | Reached skill level 7 in Shields
   150 | D        | Reached XP level 8. HP: 53/53 MP: 8/13
   162 | D        | Entered arena 7.
   162 | D        | Noticed a wraith
   162 | D        | Noticed a hellwing
   163 | D        | Found a transporter.
   179 | D        | Killed a wraith
   179 | D        | Reached skill level 8 in Shields
   179 | D        | Reached XP level 9. HP: 57/57 MP: 12/14
   193 | D        | Killed a hellwing
   193 | D        | Reached skill level 9 in Shields
   208 | D        | Got the ring "Sawaelorr" {rC+ rN+}
   213 | D        | Entered arena 8.
   213 | D        | Noticed a rime drake
   213 | D        | Noticed a rime drake
   216 | D        | Found a transporter.
   221 | D        | Killed a rime drake
   222 | D        | Killed a rime drake
   222 | D        | Reached ****** piety under Makhleb
   222 | D        | Reached skill level 10 in Shields
   226 | D        | Reached skill level 11 in Shields
   240 | D        | Entered arena 9.
   241 | D        | Found a transporter.
   303 | D        | Entered arena 10.
   303 | D        | Noticed an eye of devastation
   304 | D        | Found a transporter.
   313 | D        | Reached XP level 10. HP: 65/65 MP: 7/16
   344 | D        | Killed an eye of devastation
   344 | D        | Reached skill level 12 in Shields
   445 | D        | Entered arena 11.
   446 | D        | Found a transporter.
   480 | D        | Entered arena 12.
   480 | D        | Noticed a vampire knight
   480 | D        | Noticed a vampire knight
   480 | D        | Noticed a vampire knight
   506 | D        | Reached skill level 13 in Shields
   521 | D        | Killed a vampire knight
   525 | D        | Killed a vampire knight
   525 | D        | Reached skill level 14 in Shields
   525 | D        | Reached skill level 1 in Evocations
   525 | D        | Reached XP level 11. HP: 38/71 MP: 16/18
   526 | D        | Killed a vampire knight
   526 | D        | Reached skill level 15 in Shields
   526 | D        | Reached skill level 10 in Invocations
   558 | D        | Found a transporter.
   595 | D        | Reached skill level 10 in Fighting
   595 | D        | Reached skill level 1 in Stealth
   595 | D        | Reached XP level 12. HP: 77/77 MP: 4/19
   700 | D        | Entered arena 13.
   702 | D        | Found a transporter.
   711 | D        | Reached skill level 10 in Armour
   717 | D        | Reached skill level 16 in Shields
   759 | D        | Entered arena 14.
   776 | D        | Noticed a vampire mage
   818 | D        | Reached skill level 17 in Shields
   822 | D        | Killed a vampire mage
   831 | D        | Got the ring of Aghewu Cezu {rPois MR- AC+4 Str+4 Dex+4}
   833 | D        | Found a transporter.
   925 | D        | Entered arena 15.
   930 | D        | Noticed a bone dragon
   943 | D        | Noticed a green draconian
   954 | D        | Killed a green draconian
   954 | D        | Reached skill level 18 in Shields
   954 | D        | Reached XP level 13. HP: 84/84 MP: 15/21
   970 | D        | Killed a bone dragon
   970 | D        | Reached skill level 15 in Maces & Flails
   971 | D        | Reached skill level 19 in Shields
   990 | D        | Found a transporter.
  1010 | D        | Entered arena 16.
  1015 | D        | Noticed a merfolk impaler
  1015 | D        | Noticed a merfolk impaler
  1016 | D        | Noticed a merfolk javelineer
  1016 | D        | Noticed a merfolk javelineer
  1016 | D        | Noticed a merfolk impaler
  1017 | D        | Noticed a merfolk impaler
  1018 | D        | Noticed a merfolk javelineer
  1042 | D        | Killed a merfolk javelineer
  1046 | D        | Killed a merfolk javelineer
  1049 | D        | Killed a merfolk javelineer
  1049 | D        | Reached skill level 20 in Shields
  1050 | D        | Killed a merfolk impaler
  1055 | D        | Killed a merfolk impaler
  1059 | D        | HP: 2/87 [merfolk impaler/demon trident of flaming (3)]
  1069 | D        | Killed a merfolk impaler
  1073 | D        | Killed a merfolk impaler
  1101 | D        | Found a transporter.
  1129 | D        | Got the +1 helmet of the Prince {-Cast rF++ Regen+ Str+2}
  1193 | D        | Entered arena 17.
  1200 | D        | Noticed a ghoul
  1225 | D        | Reached skill level 21 in Shields
  1226 | D        | Noticed a shadow dragon
  1227 | D        | Noticed a ghoul
  1238 | D        | Killed a shadow dragon
  1243 | D        | Killed a ghoul
  1244 | D        | Killed a ghoul
  1294 | D        | Found a transporter.
  1325 | D        | Entered arena 18.
  1334 | D        | Noticed Nikola
  1334 | D        | Noticed Dowan
  1334 | D        | Noticed Edmund
  1334 | D        | Noticed Louise
  1334 | D        | Noticed Azrael
  1335 | D        | Noticed Snorg
  1335 | D        | Noticed Purgy
  1335 | D        | Noticed Maurice
  1336 | D        | Noticed Erolcha
  1336 | D        | Noticed Jessica
  1336 | D        | Noticed Kirke
  1337 | D        | Noticed Gastronok
  1338 | D        | Noticed Sonja
  1339 | D        | Noticed Psyche
  1340 | D        | Noticed Donald
  1341 | D        | Killed Dowan
  1342 | D        | Noticed Terence
  1345 | D        | Killed Erolcha
  1345 | D        | Gained mutation: Your large and strong wings let you fly indefinitely. [Gargoyle growth]
  1345 | D        | Reached XP level 14. HP: 79/92 MP: 24/24
  1346 | D        | Killed Edmund
  1350 | D        | Killed Purgy
  1350 | D        | Killed Maurice
  1352 | D        | Killed Psyche
  1354 | D        | Killed Jessica
  1354 | D        | Killed Snorg
  1356 | D        | Killed Louise
  1356 | D        | Reached skill level 22 in Shields
  1356 | D        | Killed Terence
  1359 | D        | Killed Sonja
  1360 | D        | Killed Azrael
  1364 | D        | Killed Kirke
  1368 | D        | Killed Gastronok
  1383 | D        | Killed Donald
  1384 | D        | Killed Nikola
  1384 | D        | Reached skill level 10 in Dodging
  1384 | D        | Reached skill level 23 in Shields
  1387 | D        | Found a transporter.
  1485 | D        | Entered arena 19.
  1488 | D        | Noticed a fire giant
  1488 | D        | Noticed a fire giant
  1496 | D        | Noticed a fire giant
  1500 | D        | Noticed a fire giant
  1501 | D        | Noticed a fire giant
  1503 | D        | Noticed a fire giant
  1509 | D        | Killed a fire giant
  1514 | D        | Killed a fire giant
  1514 | D        | Killed a fire giant
  1519 | D        | Killed a fire giant
  1524 | D        | Reached skill level 15 in Invocations
  1533 | D        | Killed a fire giant
  1535 | D        | Killed a fire giant
  1540 | D        | Reached skill level 24 in Shields
  1562 | D        | Found a transporter.
  1650 | D        | Entered arena 20.
  1660 | D        | Noticed a brown very ugly thing
  1671 | D        | Noticed an ironheart preserver
  1671 | D        | Noticed an ironheart preserver
  1675 | D        | Killed a brown very ugly thing
  1694 | D        | Found a transporter.
  1704 | D        | Got the ring of Benevolence {+Fly rN+ MR+ MP+9}
  1708 | D        | Got the amulet of Miracles {Gourm rN+ MR+ Int-2 Stlth+}
  1731 | D        | Entered arena 21.
  1738 | D        | Noticed a quicksilver dragon
  1738 | D        | Noticed a shadow dragon
  1739 | D        | Noticed an iron dragon
  1739 | D        | Noticed an iron dragon
  1747 | D        | Killed a shadow dragon
  1750 | D        | Noticed a shadow dragon
  1750 | D        | Killed an iron dragon
  1759 | D        | Reached XP level 15. HP: 101/101 MP: 20/26
  1773 | D        | Reached skill level 15 in Fighting
  1786 | D        | Killed an iron dragon
  1792 | D        | Reached skill level 25 in Shields
  1794 | D        | Killed a quicksilver dragon
  1794 | D        | Reached skill level 15 in Armour
  1824 | D        | Killed a shadow dragon
  1836 | D        | Found a transporter.
  1870 | D        | Got the amulet "Pafono" {RegenMP +Blink rPois}
  1873 | D        | Entered arena 22.
  1877 | D        | Noticed Comotige the pandemonium lord
  1877 | D        | Noticed a cacodemon
  1877 | D        | Noticed Tugepn the pandemonium lord
  1877 | D        | Noticed Zitive Bues the pandemonium lord
  1877 | D        | Noticed Saaseobb the pandemonium lord
  1877 | D        | Noticed Lahuaseix the pandemonium lord
  1878 | D        | Noticed Wyvvotu the pandemonium lord
  1878 | D        | Noticed Can Opep the pandemonium lord
  1878 | D        | Noticed Koteg the pandemonium lord
  1878 | D        | Noticed Sonotoedgh the pandemonium lord
  1879 | D        | Noticed Riocec the pandemonium lord
  1879 | D        | Noticed Ninluseg the pandemonium lord
  1879 | D        | Noticed Wanuen the pandemonium lord
  1879 | D        | Noticed Gatzig the pandemonium lord
  1879 | D        | Noticed Jewn the pandemonium lord
  1879 | D        | Noticed Yfoi the pandemonium lord
  1880 | D        | Noticed Zolobuc the pandemonium lord
  1881 | D        | Noticed Mizoug the pandemonium lord
  1881 | D        | Noticed Etuenahah the pandemonium lord
  1881 | D        | Noticed Jenar the pandemonium lord
  1883 | D        | Noticed a balrug
  1884 | D        | Noticed Ulaady the pandemonium lord
  1885 | D        | Noticed Hacoam the pandemonium lord
  1890 | D        | Noticed Rueskeysch the pandemonium lord
  1893 | D        | Noticed Dohil the pandemonium lord
  1894 | D        | Noticed a cacodemon
  1900 | D        | Paralysed by a floating eye for 3 turns
  1901 | D        | Mangled by Jewn the pandemonium lord

Skill      XL: |  1  2  3  4  5  6  7  8  9 10 11 12 13 14 15 |
---------------+----------------------------------------------+-----
Fighting       | 3 4 5 7 8 9 10 11 12 14 15 | 15.5
Maces & Flails | 5 7 9 11 12 13 14 15 16 17 | 17.0
Throwing       | 2 3 |  3.9
Armour         | 1 2 3 4 5 6 7 9 11 13 14 15 | 15.3
Dodging        | 3 4 5 7 8 9 10 11 | 11.1
Shields        | 1 2 3 4 5 7 8 11 14 15 18 21 24 25 | 25.6
Invocations    | 1 2 3 4 5 6 7 8 9 10 11 13 15 16 | 16.5
Evocations     | 1 2 3 |  3.7
Stealth        | 1 |  1.4
Long Blades    | |  0.8
Unarmed Combat | |  0.8
Spellcasting   | |  0.5

Action                   |  1- 3 |  4- 6 |  7- 9 | 10-12 | 13-15 || total
-------------------------+-------+-------+-------+-------+-------++-------
Melee: Shillelagh        |     3 |     7 |    87 |   157 |   310 ||   564
       Double sword      |       |       |       |       |     3 ||     3
Invok: Greater Servant o |       |       |       |       |    10 ||    10
 Abil: Evoke Berserk Rag |       |       |       |     1 |       ||     1
Evoke: Wand              |       |       |     1 |       |     6 ||     7
       Lamp of fire      |       |       |       |     1 |       ||     1
       Lightning rod     |       |       |       |     1 |       ||     1
       Phantom mirror    |       |       |       |       |     5 ||     5
       Fan of gales      |       |       |       |       |     1 ||     1
  Use: Potion            |       |       |       |     2 |    13 ||    15
       Scroll            |       |       |       |       |     8 ||     8
  Eat: Bread ration      |       |       |       |     1 |     1 ||     2
Armor: Plate armour      |       |     5 |    42 |    37 |       ||    84
       Troll leather arm |       |       |       |    31 |    97 ||   128
Dodge: Dodged            |       |       |    13 |    15 |    72 ||   100
       Deflected         |       |       |     1 |       |     7 ||     8
Block: Shield            |     1 |    15 |   109 |   187 |   572 ||   884
       Reflection        |       |       |       |     3 |     9 ||    12
       Rpst.: Double sword |       |       |       |       |     1 ||     1
